 Dungeon Crawl Stone Soup version 0.27.0-1-g7a089689b8 (webtiles) character file.

Game seed: 3151388364931947239

193 thirtiethelement the Skirmisher (level 5, -4/42 HPs)
             Began as a Demonspawn Abyssal Knight on Aug 11, 2021.
             Was a Believer of Lugonu.
             Slain by a gnoll sergeant (7 damage)
             ... on level 4 of the Dungeon.
             The game lasted 00:10:24 (3907 turns).

thirtiethelement the Skirmisher (DsAK)              Turns: 3907, Time: 00:10:25

Health: -4/42      AC:  4    Str: 18    XL:     5   Next: 44%
Magic:  5/7        EV: 15    Int: 14    God:    Lugonu [**....]
Gold:   132        SH:  4    Dex: 13    Spells: 5/6 levels left

rFire    . . .     SeeInvis .   a - +1 falchion
rCold    . . .     Faith    .   (no shield)
rNeg     . . .     Spirit   .   b - +0 leather armour
rPois    .         Reflect  .   (helmet restricted)
rElec    .         Harm     .   r - +0 cloak
rCorr    .         Rampage  .   (no gloves)
Will     .....                  (no boots)
Stlth    +.........             (no amulet)
HPRegen  0.14/turn              d - +4 ring of evasion
MPRegen  0.10/turn              j - +6 ring of strength

@: no status effects
A: horns 2, condensation shield
a: Renounce Religion, Depart the Abyss, Bend Space


You were on level 4 of the Dungeon.
You worshipped Lugonu.
Lugonu was pleased with you.
You visited 1 branch of the dungeon, and saw 4 of its levels.
You visited the Abyss 1 time.

You collected 156 gold pieces.
You spent 24 gold pieces at shops.

Inventory:

Hand Weapons
 a - a +1 falchion (weapon)
 c - a +0 war axe of electrocution
 u - a +0 long sword
Missiles
 o - 7 boomerangs (quivered)
Armour
 b - a +0 leather armour (worn)
 r - a +0 cloak (worn)
Jewellery
 d - a +4 ring of evasion (left hand)
 j - a +6 ring of strength (right hand)
 l - a +6 ring of strength
Wands
 p - a wand of acid (6)
Scrolls
 f - 2 scrolls of enchant weapon {unknown}
 g - a scroll of silence {unknown}
 i - 4 scrolls of identify
 k - 2 scrolls of amnesia {unknown}
 m - a scroll of magic mapping {unknown}
 n - a scroll of torment {unknown}
 v - a scroll of blinking {unknown}
Potions
 e - 3 potions of curing {unknown}
 h - a potion of flight {unknown}
 q - a potion of haste {unknown}
 s - a potion of berserk rage {unknown}
 t - a potion of lignification {unknown}


   Skills:
 + Level 3.7 Fighting
 + Level 2.9 Long Blades
 + Level 0.1 Throwing
 + Level 2.2 Armour
 + Level 1.0 Dodging
 + Level 0.5 Stealth
 + Level 0.1 Shields
 + Level 1.4 Spellcasting
 + Level 1.4 Conjurations
 + Level 1.7 Air Magic
 + Level 2.5 Invocations


You had 5 spell levels left.
You knew the following spells:

 Your Spells              Type           Power      Damage    Failure   Level
a - Shock                 Conj/Air       20%        1d4       16%         1

Your spell library contained the following spells:

 Spells                   Type           Power      Damage    Failure   Level
 Swiftness                Air            5%         N/A       41%         3
 Airstrike                Air            2%         N/A       83%         4


Dungeon Overview and Level Annotations

Branches:
Dungeon (4/15)
 Temple: D:4-7

Altars:
Hepliaklqana
Uskayaw

Shops:
D:1 ??


Innate Abilities, Weirdness & Mutations

You have a pair of horns on your head.
A meltable shield of frost defends you. (SH +4)


Message History

Aiming: Shock (safe; 16% risk of failure)
Press: ? - help, Shift-Dir - straight line, f/p - gnoll
Aim: a gnoll, wielding a +0 spear (69% to hit)
The zap hits the gnoll sergeant.
The gnoll sergeant is lightly wounded.
The zap hits the gnoll but does no damage.
The gnoll sergeant hits you from afar with a +3 spear of freezing.
The gnoll sergeant freezes you.
Casting: Shock (safe; 16% risk of failure)
Confirm with . or Enter, or press ? or * to list all spells.
Aiming: Shock (safe; 16% risk of failure)
Press: ? - help, Shift-Dir - straight line, f/p - gnoll
Aim: a gnoll, wielding a +0 spear (69% to hit)
The zap hits the gnoll sergeant.
The gnoll sergeant is lightly wounded.
The zap misses the gnoll.
The gnoll sergeant barely misses you.
Unknown command.
Your magical contamination has completely faded away.
You enter the shallow water.
Moving in this stuff is going to be slow.
You block the gnoll's attack.
The gnoll hits you from afar with a +0 spear.
The gnoll sergeant misses you.
You riposte.
The gnoll sergeant blocks your attack.
Your headbutt misses the gnoll sergeant.
The gnoll sergeant is lightly wounded.
The gnoll hits you with a +0 spear. You block the gnoll's attack.
You see here a +0 whip.
The gnoll closely misses you.
The gnoll sergeant hits you with a +3 spear of freezing.
The gnoll sergeant freezes you.
You barely miss the gnoll sergeant. The gnoll sergeant blocks your attack.
The gnoll sergeant is lightly wounded.
The gnoll hits you from afar with a +0 spear.
The gnoll sergeant hits you with a +3 spear of freezing!
* * * LOW HITPOINT WARNING * * *
The gnoll sergeant freezes you.
* * * LOW HITPOINT WARNING * * *
The gnoll sergeant hits you from afar with a +3 spear of freezing!
You die...

#...# #...# #...# #...##
.#.####### +...
............. #..
#............ ### #.#
#..#...$...#. ... #.##
#..#.#... #.
#.###.##@.###..#.#. #.
#........[.......#####.#.
#...###gg.≈###.........#.
# #.g.#≈≈#...#..#######.
#.⌠g#≈≈#.⌠.#..........
#...#≈≈#...#.#########
..###≈≈≈≈###......... #..
≈≈≈≈≈≈...$.###### #.
.≈≈≈≈≈≈.....#


You could see a gnoll sergeant and 2 gnolls.

Vanquished Creatures
  An orc priest (D:4)
  5 gnolls
  4 adders (D:3)
  An ufetubus (D:3)
  3 dart slugs
  4 orcs (D:4)
  8 ball pythons
  6 endoplasms
  2 giant cockroaches
  3 goblins
  9 hobgoblins
  4 jackals (D:3)
  A quokka (D:2)
  6 bats
  2 frilled lizards
  6 kobolds
  3 rats
68 creatures vanquished.

Vanquished Creatures (others)
  A plant (D:3)
  6 starspawn tentacles (Abyss:2)
7 creatures vanquished.

Grand Total: 75 creatures vanquished

Notes
Turn   | Place    | Note
-------+----------+-------------------------------------------
     0 | Abyss:1  | thirtiethelement the Demonspawn Abyssal Knight began the
                  | quest for the Orb.
     0 | Abyss:1  | Reached XP level 1. HP: 18/18 MP: 2/2
    39 | Abyss:2  | Noticed a tentacled starspawn
    95 | D:1      | Escaped the Abyss
   297 | D:1      | Found a faded altar of an unknown god.
   503 | D:1      | Found Saekes's Magic Scroll Shoppe.
   809 | D:1      | Found Eniasaow's Magic Scroll Shoppe.
   816 | D:1      | Gained mutation: You have a pair of small horns on your
                  | head. [demonic ancestry]
   816 | D:1      | Reached XP level 2. HP: 16/24 MP: 3/3
   920 | D:1      | Bought a scroll of identify for 24 gold pieces
  1275 | D:2      | Reached * piety under Lugonu
  1466 | D:2      | Learned a level 1 spell: Shock
  1815 | D:2      | Gained mutation: A meltable shield of frost defends you.
                  | (SH +4) [demonic ancestry]
  1815 | D:2      | Reached XP level 3. HP: 28/30 MP: 0/4
  2189 | D:3      | Reached skill level 1 in Dodging
  2318 | D:3      | Found a hazy altar of Hepliaklqana.
  2447 | D:3      | Gained mutation: You have a pair of horns on your head.
                  | [demonic ancestry]
  2447 | D:3      | Reached XP level 4. HP: 34/37 MP: 0/5
  2512 | D:3      | Reached ** piety under Lugonu
  3260 | D:3      | Reached skill level 1 in Conjurations
  3263 | D:3      | Reached skill level 1 in Air Magic
  3550 | D:3      | Found a hide-covered altar of Uskayaw.
  3732 | D:4      | Reached XP level 5. HP: 42/42 MP: 0/6
  3743 | D:4      | Reached skill level 1 in Spellcasting
  3907 | D:4      | Slain by a gnoll sergeant

Illustrated notes

Levels and vault maps discovered:
D:1:      ebering_trefoil_3fold, layout_loops_corners, serial_shops,
          nicolae_diamond_shop, shop, ebering_ecumenical_altar_abandoned
D:2:      layout_basic, chequers_serial_rivers_micro_d, minmay_octomino_c4
D:3:      layout_basic, nicolae_hepliaklqana_hazy_memory, marbit_many_paths
D:4:      layout_basic, portal_sewer_entry_f, fountainhead,
          minmay_misc_feat_five

Skill      XL: |  1  2  3  4  5 |
---------------+----------------+-----
Armour         | 2 |  2.2
Long Blades    | 2 |  2.9
Dodging        | 1 |  1.0
Conjurations   | 1 |  1.4
Air Magic      | 1 |  1.7
Spellcasting   | 1 |  1.4
Fighting       | |  3.7
Throwing       | |  0.1
Stealth        | |  0.5
Shields        | |  0.1
Invocations    | |  2.5

Action                   |  1- 3 |  4- 6 || total
-------------------------+-------+-------++-------
Melee: Falchion          |    67 |    36 ||   103
       Headbutt          |    14 |    10 ||    24
Throw: Boomerang         |       |    14 ||    14
 Cast: Shock             |    20 |    49 ||    69
Invok: Depart the Abyss  |     1 |       ||     1
Armor: Leather armour    |    25 |     7 ||    32
Dodge: Dodged            |    68 |    21 ||    89
Block: Other             |    10 |     6 ||    16
       Rpst.: Falchion   |    12 |     4 ||    16
